 Dungeon Crawl Stone Soup version 0.27-a0-652-g2d5cf1dcd3 (webtiles) character file.

Game seed: 9849043634980544496

182 Allula97 the Skirmisher (level 5, -2/41 HPs)
             Began as a Demonspawn Fighter on Mar 16, 2021.
             Slain by a gnoll
             ... wielding a +0 flail
              (11 damage)
             ... on level 3 of the Dungeon.
             The game lasted 00:05:14 (2597 turns).

Allula97 the Skirmisher (Demonspawn Fighter)        Turns: 2597, Time: 00:05:17

Health: -2/41      AC: 10    Str: 18    XL:     5   Next: 34%
Magic:  5/5        EV:  7    Int: 11    God:
Gold:   117        SH:  9    Dex: 12    Spells: 5/5 levels left

rFire    . . .     SeeInvis .   a - +0 rapier
rCold    . . .     Faith    .   c - +0 kite shield
rNeg     . . .     Spirit   .   b - +0 scale mail
rPois    .         Reflect  .   o - +1 hat
rElec    .         Harm     .   l - +0 cloak
rCorr    +         Rampage  .   (no gloves)
Will     .....                  m - +0 pair of boots
Stlth    ..........             n - amulet of the acrobat
HPRegen  0.13/turn              h - ring of resist corrosion
MPRegen  0.09/turn              (no ring)

@: no status effects
A: spiny 2, big brain 1
a: no special abilities


You were on level 3 of the Dungeon.
You visited 1 branch of the dungeon, and saw 3 of its levels.

You collected 117 gold pieces.

Inventory:

Hand Weapons
 a - a +0 rapier (weapon)
Armour
 b - a +0 scale mail (worn)
 c - a +0 kite shield (worn)
 l - a +0 cloak (worn)
 m - a +0 pair of boots (worn)
 o - a +1 hat (worn)
Jewellery
 h - a ring of resist corrosion (right hand)
 n - an amulet of the acrobat (around neck)
Scrolls
 e - 5 scrolls of identify {unknown}
 g - 2 scrolls of fog {unknown}
 i - 4 scrolls of teleportation {unknown}
 j - 2 scrolls of enchant weapon {unknown}
 q - a scroll of random uselessness {unknown}
Potions
 f - 3 potions of invisibility {unknown}
 k - a potion of ambrosia {unknown}
 p - a potion of heal wounds {unknown}


   Skills:
 * Level 3.4 Fighting
 * Level 3.1 Short Blades
 * Level 3.3 Armour
 * Level 1.1 Dodging
 * Level 1.4 Stealth
 * Level 3.3 Shields
 * Level 0.5 Spellcasting


You had 5 spell levels left.
You didn't know any spells.
Your spell library contained the following spells:

 Spells                   Type           Power      Damage    Failure   Level
 Confusing Touch          Hex            0%         N/A       100%        3
 Gell's Gravitas          Tloc           0%         N/A       100%        3
 Petrify                  Tmut/Erth      0%         N/A       100%        4
 Metabolic Englaciation   Hex/Ice        0%         N/A       100%        5
 Yara's Violent Unravell  Hex/Tmut       0%         3d3       100%        5


Dungeon Overview and Level Annotations

Branches:
Dungeon (3/15)

Altars:
Zin


Innate Abilities, Weirdness & Mutations

You are mostly covered in sharp spines.
You have an unusually large brain. (Int +2)


Message History

The frilled lizard bites you but does no damage.
You puncture the frilled lizard!
You kill the frilled lizard!
A gnoll comes into view. It is wielding a +0 spear.
The gnoll shouts!
You hear a shout!
You block the gnoll's attack. The gnoll barely misses you.
You hit the gnoll.
The gnoll is moderately wounded.
A gnoll comes into view. It is wielding a +0 spear.
You block the gnoll's attack.
You hit the gnoll.
The gnoll is severely wounded.
The gnoll is struck by your spines. The gnoll hits you with a +0 spear!
A gnoll comes into view. It is wielding a +0 flail.
The gnoll shouts!
You hit the gnoll but do no damage.
The gnoll is severely wounded.
You block the gnoll's attack.
The gnoll hits you from afar with a +0 spear.
The gnoll is struck by your spines. The gnoll barely misses you.
You hit the gnoll but do no damage.
The gnoll is almost dead.
The gnoll barely misses you. You block the gnoll's attack.
You barely miss the gnoll.
The gnoll is almost dead.
You block the gnoll's attack. The gnoll is struck by your spines.
The gnoll hits you but does no damage.
You hit the gnoll but do no damage.
The gnoll is almost dead.
The gnoll completely misses you. You block the gnoll's attack.
The gnoll hits you from afar with a +0 spear!
Your shield and scale mail prevent you from hitting the gnoll.
The gnoll is almost dead.
You block the gnoll's attack. The gnoll hits you with a +0 flail!
* * * LOW HITPOINT WARNING * * *
The gnoll hits you from afar with a +0 spear.
* * * LOW HITPOINT WARNING * * *
The gnoll hits you with a +0 flail!
You die...

#.#
#.........†......#
>.#
.####.)###.###.##
###
........†##.#.#.#
.#.#.#.#.#.......#
............†...##
.#.#.#.#.#.......#
................##
.#.#.#g#.#.#.....#
......g@.........#
#.#.#.#.#.#.#.....#
..).g.........##
#.# #.#.#.#.#...#
.. ..........#.# #
#.#.#.#.#.# .. ....
#.# #.#


You could see 3 gnolls.

Vanquished Creatures
  An orc priest (D:3)
  Natasha (D:2)
  An orc wizard (D:3)
  3 adders
  A dart slug (D:1)
  2 worms (D:3)
  3 leopard geckos
  2 orcs (D:3)
  8 bats
  A giant cockroach (D:2)
  6 goblins
  A hobgoblin (D:2)
  14 jackals
  2 quokkas (D:3)
  4 frilled lizards
  10 kobolds
  4 rats
64 creatures vanquished.

Notes
Turn   | Place    | Note
-------+----------+-------------------------------------------
     0 | D:1      | Allula97 the Demonspawn Fighter began the quest for the
                  | Orb.
     0 | D:1      | Reached XP level 1. HP: 18/18 MP: 1/1
   306 | D:1      | Gained mutation: You are partially covered in sharp spines.
                  | [demonic ancestry]
   306 | D:1      | Reached XP level 2. HP: 14/24 MP: 2/2
  1027 | D:2      | Reached XP level 3. HP: 26/29 MP: 3/3
  1075 | D:2      | Noticed an angel
  1650 | D:2      | Reached skill level 1 in Stealth
  1904 | D:2      | Noticed Natasha
  1916 | D:2      | Killed Natasha
  1917 | D:2      | Gained mutation: You have an unusually large brain. (Int
                  | +2) [demonic ancestry]
  1917 | D:2      | Reached XP level 4. HP: 28/35 MP: 4/4
  2350 | D:3      | Reached skill level 1 in Dodging
  2357 | D:3      | Gained mutation: You are mostly covered in sharp spines.
                  | [demonic ancestry]
  2357 | D:3      | Reached XP level 5. HP: 10/41 MP: 5/5
  2597 | D:3      | Slain by a gnoll

Illustrated notes

Levels and vault maps discovered:
D:1:      onia_arrival_pyramid, layout_rooms, serial_aquarium,
          aquarium_bridge_square [aquarium_subvault_bridge,
          aquarium_subvault_bridge, aquarium_subvault_window,
          aquarium_subvault_wall], aquarium_bridge_straight
          [aquarium_subvault_bridge, aquarium_subvault_window,
          aquarium_subvault_bridge, aquarium_subvault_window],
          aquarium_window_corner, aquarium_window_2, aquarium_window_2,
          aquarium_window_fake, aquarium_view_2e, aquarium_balcony_3a,
          minivault_5
D:2:      layout_basic, zin_angel, chequers_serial_rivers_room_b,
          minmay_tromino_v2, uniq_natasha
D:3:      layout_loops_ring, marbit_many_paths, hex_large

Skill      XL: |  1  2  3  4 |
---------------+-------------+-----
Short Blades   | 2 3 |  3.1
Shields        | 3 |  3.3
Armour         | 3 |  3.3
Stealth        | 1 |  1.4
Dodging        | 1 |  1.1
Fighting       | |  3.4
Spellcasting   | |  0.5

Action                   |  1- 3 |  4- 6 || total
-------------------------+-------+-------++-------
Melee: Rapier            |    95 |    66 ||   161
  Use: Potion            |       |     1 ||     1
Armor: Scale mail        |    49 |    19 ||    68
Dodge: Dodged            |    31 |    19 ||    50
Block: Kite shield       |    50 |    35 ||    85

Table legend: (Time is in decaauts)
 A = Elapsed time spent in this place.
 B = Non-inter-level travel time spent in this place.
 C = Inter-level travel time spent in this place.
 D = Time resting spent in this place.
 E = Time spent auto-exploring this place.
 F = Levels seen in this place.
 G = Mean time per level.
                   A        B        C        D        E       F      G
               +--------+--------+--------+--------+--------+-----+--------+
         Total |   2653 |   2582 |     71 |      0 |   1963 |   3 |  884.3 |
       Dungeon |   2653 |   2582 |     71 |      0 |   1963 |   3 |  884.3 |
               +--------+--------+--------+--------+--------+-----+--------+

Top non-repeatable levels by time:
     D:2: 1110 daAuts
     D:1: 930 daAuts
     D:3: 612 daAuts
